[Event "November 21 Early 2023"]
[Site "https://www.chess.com"]
[Date "2023.11.21"]
[Round "7"]
[White "Preobrazhenska_D2011"]
[Black "Rose, Felix"]
[Result "1-0"]
[Board "136"]
[TimeControl "180+1"]
[BlackFideId "5105722"]
[WhiteElo "2457"]
[BlackElo "2039"]
[BlackTeam "MEX"]
[WhiteClock "0:00:06"]
[BlackClock "0:00:21"]

1. e4 e5 2. Nf3 Nc6 3. Bb5 a6 4. Ba4 Nf6 5. O-O Be7 6. Re1 b5 7. Bb3 d6 8. c3 O-O 9. h3 Nb8 10. d4 Nbd7 11. a4 Bb7 12. Bc2 Re8 13. Nbd2 Bf8 14. b3 c5 15. d5 bxa4 16. Rxa4 Nb6 17. Ra1 a5 18. c4 Qc7 19. Nb1 a4 20. bxa4 Nxc4 21. Bd3 Ba6 22. Nc3 Qa5 23. Qc2 Reb8 24. Nd2 Rb4 25. Nxc4 Bxc4 26. Bd2 Bxd3 27. Qxd3 Rd4 28. Qe2 Qa6 29. Qxa6 Rxa6 30. Ra2 Be7 31. f3 Bd8 32. Rb1 Ra8 33. a5 h5 34. a6 Kh7 35. Nb5 Rxd2 36. Rxd2 Rxa6 37. g4 hxg4 38. hxg4 Nd7 39. Rh2+ Kg6 40. Rc2 Be7 41. Kg2 Bg5 42. Nc3 Be3 43. Ne2 Ra4 44. Ng3 c4 45. Nf5 Bc5 46. Ne7+ Kf6 47. Ng8+ Kg6 48. Rh1 f6 49. Ne7+ Kf7 50. Nf5 Ra3 51. Rh7 c3 52. Rxg7+ Ke8 53. Re7+ Kd8 54. Rf7 Nb6 55. Rxf6 Nc4 56. Rf8+ Kd7 57. g5 Ra1 58. Rxc3 Rg1+ 59. Kh2 Rxg5 60. Rf7+ Ke8 61. Re7+ Kf8 62. Rxc4 Rxf5 63. exf5 Kxe7 64. Kg3 Kf6 65. Kg4 Kf7 66. Ra4 Kf6 67. Ra8 Kf7 68. Rc8 Kf6 69. Rh8 Kg7 70. Rh5 Kf6 71. Rh6+ Kf7 72. Re6 Bb4 73. f6 Bc5 74. Kf5 Bb4 75. Re7+ Kf8 76. Ke6 Bc5 77. f7 Kg7 78. Re8 Bd4 79. f8=Q+ Kg6 80. Qf7+ Kg5 81. Rg8+ Kh4 82. Qh7# 1-0

[Event "November 21 Early 2023"]
[Site "https://www.chess.com"]
[Date "2023.11.21"]
[Round "7"]
[White "Khromkin, Andrey"]
[Black "Jimenez Fernandez, Rebeca"]
[Result "1-0"]
[Board "137"]
[TimeControl "180+1"]
[WhiteFideId "4154126"]
[BlackFideId "32070934"]
[WhiteElo "2453"]
[BlackElo "2015"]
[WhiteTeam "RUS"]
[BlackTeam "ESP"]
[WhiteClock "0:02:10"]
[BlackClock "0:01:25"]

1. d4 d5 2. c4 c6 3. Nf3 Nf6 4. Nc3 e6 5. Bg5 Nbd7 6. cxd5 exd5 7. e3 Bd6 8. Qc2 O-O 9. Bd3 h6 10. Bh4 Re8 11. g4 Nf8 12. g5 hxg5 13. Nxg5 c5 14. dxc5 Bxc5 15. O-O-O Bg4 16. Rdg1 Bh5 17. Nh7 Bf3 18. Nxf6+ Qxf6 19. Bxf6 Bxh1 20. Rxg7+ Kh8 1-0

[Event "November 21 Early 2023"]
[Site "https://www.chess.com"]
[Date "2023.11.21"]
[Round "7"]
[White "SeLaPegoACualquiera"]
[Black "Berezin, Viktor"]
[Result "0-1"]
[Board "138"]
[TimeControl "180+1"]
[BlackFideId "14107872"]
[WhiteElo "2177"]
[BlackElo "2310"]
[BlackTeam "UKR"]
[WhiteClock "0:00:07"]
[BlackClock "0:00:26"]

1. e4 g6 2. f4 Bg7 3. Nf3 d6 4. Bc4 Nf6 5. d3 d5 6. exd5 Nxd5 7. O-O O-O 8. Bd2 c6 9. Kh1 Bxb2 10. Bxd5 Bxa1 11. Bb3 Bg7 12. Nc3 Nd7 13. f5 Nc5 14. fxg6 hxg6 15. Ne4 Nxb3 16. axb3 Bf5 17. Ng3 Bg4 18. h3 Bxf3 19. Qxf3 Qd5 20. Qg4 Rad8 21. Qh4 Qe6 22. Ne4 Rd4 23. Be3 Rxe4 24. dxe4 b6 25. c4 Rd8 26. Bg5 Rd4 27. Bxe7 Rxe4 28. Qg3 Qxe7 29. Qb8+ Kh7 30. Qc8 f5 31. Qxc6 Re1 32. Qf3 Bd4 33. Kh2 Qe5+ 34. Kh1 Qe3 35. Qb7+ Kh6 36. Rxe1 Qxe1+ 37. Kh2 Bg1+ 38. Kh1 Bf2+ 39. Kh2 Qg1# 0-1

[Event "November 21 Early 2023"]
[Site "https://www.chess.com"]
[Date "2023.11.21"]
[Round "7"]
[White "Florianovitz, Derlei Alex"]
[Black "Martin Duque, Jesus"]
[Result "1-0"]
[Board "139"]
[TimeControl "180+1"]
[WhiteFideId "2114178"]
[BlackFideId "2208954"]
[WhiteElo "1953"]
[BlackElo "2319"]
[WhiteTeam "BRA"]
[BlackTeam "ESP"]
[WhiteClock "0:00:10"]
[BlackClock "0:01:50"]

1. e4 c5 2. Nf3 e6 3. d4 cxd4 4. Nxd4 Nc6 5. c4 Qc7 6. Nxc6 dxc6 7. Nc3 e5 8. Be3 Nf6 9. h3 Be6 10. Be2 Nd7 11. Qc2 Bc5 12. Bxc5 Nxc5 13. O-O a5 14. b3 g5 15. a3 h5 16. b4 Nd7 17. c5 g4 18. h4 g3 19. fxg3 Rg8 20. Qd3 O-O-O 21. Qe3 Nf8 22. b5 Rd4 23. bxc6 Qxc6 24. Nb5 Kb8 25. Nxd4 exd4 26. Qxd4 Rxg3 27. Kh2 Qc7 28. Qd6 Qxd6 29. cxd6 Re3 30. Bxh5 Rxe4 31. Bxf7 Rxh4+ 32. Kg3 Rg4+ 33. Kh3 Bd7 34. Kh2 Nh7 35. Rae1 Ng5 36. Be8 Kc8 37. Rf8 Nh7 38. Bxd7+ Kxd7 39. Rf7+ Kxd6 40. Rxh7 Ra4 41. Rxb7 Rxa3 42. Rd1+ Kc6 43. Rg7 a4 44. Rf1 Ra2 45. Rf6+ Kd5 46. Rg4 a3 47. Ra6 Kc5 48. Ra5+ Kb6 49. Rf5 Ra1 50. Rg6+ Kc7 51. Rf7+ Kd8 52. Rg8# 1-0

[Event "November 21 Early 2023"]
[Site "https://www.chess.com"]
[Date "2023.11.21"]
[Round "7"]
[White "Kubatko, Ivan"]
[Black "dumbernugget"]
[Result "1/2-1/2"]
[Board "140"]
[TimeControl "180+1"]
[WhiteFideId "24111473"]
[WhiteElo "2285"]
[BlackElo "2121"]
[WhiteTeam "RUS"]
[WhiteClock "0:00:06"]
[BlackClock "0:00:20"]

1. e4 c5 2. c3 d6 3. d4 cxd4 4. cxd4 Nf6 5. Nc3 g6 6. Nf3 Bg7 7. h3 O-O 8. Be3 Nc6 9. Be2 a6 10. a4 Bd7 11. O-O Na5 12. e5 dxe5 13. dxe5 Ne8 14. Nd5 Bc6 15. Nb6 Rb8 16. b4 Bxf3 17. Bxf3 Nc6 18. Bc5 Nxe5 19. Be2 Nd6 20. Rc1 Nd7 21. Nxd7 Qxd7 22. Qb3 b6 23. Be3 a5 24. b5 Rfc8 25. Bf3 Nf5 26. Rc6 Nxe3 27. Qxe3 Rxc6 28. bxc6 Qc7 29. Rd1 Rd8 30. Rxd8+ Qxd8 31. Qc1 Be5 32. g3 Qc7 33. Qc4 Bd6 34. Kg2 Bc5 35. Bd5 e6 36. Bf3 Qd6 37. Qb5 Kg7 38. Qa6 Qd2 39. Qe2 Qxe2 40. Bxe2 Bd6 41. f4 Kf6 42. Kf3 Ke7 43. Bb5 Bc7 44. Ke4 Kd6 45. Kd4 f6 46. Kc4 e5 47. fxe5+ fxe5 48. Kd3 Kd5 49. Ke3 e4 50. g4 Ke5 51. Ke2 Kf4 52. Ba6 Kg3 53. Bc8 Kxh3 54. Ke3 Kg3 55. Kxe4 h5 56. gxh5 gxh5 57. Kd5 h4 58. Kc4 h3 59. Bxh3 Kxh3 60. Kb5 Kg4 61. Ka6 Kf5 62. Kb7 Bd8 63. c7 Bxc7 64. Kxc7 b5 65. axb5 a4 66. b6 a3 67. b7 a2 68. b8=Q a1=Q 69. Qf8+ Qf6 70. Qxf6+ Kxf6 1/2-1/2

[Event "November 21 Early 2023"]
[Site "https://www.chess.com"]
[Date "2023.11.21"]
[Round "7"]
[White "IsaqueGoncalvesSanto"]
[Black "Burovic00"]
[Result "0-1"]
[Board "141"]
[TimeControl "180+1"]
[WhiteElo "1945"]
[BlackElo "2399"]
[WhiteClock "0:00:00"]
[BlackClock "0:01:49"]

1. d4 g6 2. c4 Bg7 3. Nc3 d6 4. e4 e5 5. d5 a5 6. Nge2 Na6 7. Ng3 h5 8. Bd3 h4 9. Nge2 h3 10. g3 Bg4 11. Qa4+ Kf8 12. Ng1 Nc5 13. Qc2 Bh6 14. Bxh6+ Nxh6 15. f3 Bd7 16. g4 Qh4+ 17. Kf1 Bxg4 18. fxg4 Nxg4 19. Nf3 Ne3+ 20. Ke2 Nxc2 21. Nxh4 Nd4+ 22. Kd2 Rxh4 23. Raf1 Kg7 24. Rf2 f6 25. Rhf1 Rf8 26. Bb1 Rg4 27. Nb5 Nxb5 28. cxb5 Nxe4+ 29. Bxe4 Rxe4 30. Rf3 Rd4+ 31. Rd3 Rxd3+ 32. Kxd3 b6 33. Rc1 Rf7 34. Ke3 f5 35. Kf3 Kf6 36. Kg3 Rh7 37. b3 g5 38. a3 g4 39. b4 a4 40. Rf1 Kg5 41. Rc1 f4+ 42. Kf2 Kf5 43. Rc4 Rg7 44. Kg1 g3 45. hxg3 fxg3 46. Rc3 Ke4 47. Rc1 Kxd5 0-1

[Event "November 21 Early 2023"]
[Site "https://www.chess.com"]
[Date "2023.11.21"]
[Round "7"]
[White "Haitin, Ilja"]
[Black "Sadubayev, Airat"]
[Result "1/2-1/2"]
[Board "142"]
[TimeControl "180+1"]
[WhiteFideId "4501764"]
[BlackFideId "13713264"]
[WhiteElo "2221"]
[BlackElo "2137"]
[WhiteTeam "EST"]
[BlackTeam "KAZ"]
[WhiteClock "0:00:04"]
[BlackClock "0:00:03"]

1. Nf3 d5 2. g3 b6 3. Bg2 Bb7 4. O-O c5 5. c3 Nf6 6. d4 e6 7. Bf4 Nc6 8. Nbd2 Be7 9. a3 O-O 10. b4 c4 11. a4 Nh5 12. Ne5 Nxe5 13. Bxe5 f6 14. Bf4 Nxf4 15. gxf4 Qc7 16. e3 Rac8 17. Kh1 Rfd8 18. Qh5 g6 19. Qh3 f5 20. Nf3 Bf6 21. Ne5 Bxe5 22. fxe5 Bc6 23. f4 Be8 24. Bf3 Qg7 25. Rg1 Kf7 26. Qg3 Ke7 27. Qh4+ Kd7 28. Qf2 Kc7 29. a5 b5 30. a6 Bc6 31. h4 Qe7 32. Kg2 Rg8 33. Kf1 h6 34. Ke2 Rg7 35. Rg2 Rcg8 36. Rag1 Be8 37. Qe1 Kb8 38. Qa1 g5 39. hxg5 hxg5 40. fxg5 Rxg5 41. Rxg5 Rxg5 42. Rxg5 Qxg5 43. Qh1 Qg7 44. Qh4 Kc7 45. Qh2 Kb6 46. Qh4 Qd7 47. Qf6 Kxa6 48. Qf8 Kb6 49. Qc5+ Kb7 50. Bg2 Qc6 51. Qe7+ Bd7 52. Bf3 Qc7 53. Bh5 Qc6 54. Bg6 a6 55. Bf7 Kb6 56. Qd8+ Kb7 57. Qe7 Kb6 58. Qd8+ Kb7 59. Qe7 1/2-1/2

[Event "November 21 Early 2023"]
[Site "https://www.chess.com"]
[Date "2023.11.21"]
[Round "7"]
[White "Skliarov, Viktor"]
[Black "Tsyhanchuk, Stanislav"]
[Result "1-0"]
[Board "143"]
[TimeControl "180+1"]
[WhiteFideId "14106736"]
[BlackFideId "13505130"]
[WhiteElo "2304"]
[BlackElo "2173"]
[WhiteTeam "UKR"]
[BlackTeam "BLR"]
[WhiteClock "0:00:16"]
[BlackClock "0:00:00"]

1. e4 c5 2. Nf3 d6 3. d4 cxd4 4. Qxd4 Nc6 5. Bb5 Nf6 6. Nc3 e6 7. Bg5 Be7 8. O-O-O O-O 9. Bxc6 bxc6 10. e5 Nd5 11. Bxe7 Qxe7 12. exd6 Qxd6 13. Ne4 Qf4+ 14. Kb1 a5 15. c4 Nf6 16. Nc5 Qf5+ 17. Ka1 a4 18. a3 Ra5 19. Ne5 h5 20. h3 h4 21. Rhe1 Ra8 22. Qxh4 Rb8 23. Qd4 Bb7 24. g4 Qc2 25. Rd2 Qh7 26. g5 Nh5 27. g6 Qh6 28. gxf7+ Kh8 29. Rg1 Nf6 30. Ng6+ Kh7 31. Nxf8+ Rxf8 32. Nd7 Rxf7 33. Nxf6+ Rxf6 34. c5 Bc8 35. Qe4+ Rf5 36. Rd8 Ba6 37. Rd6 1-0

[Event "November 21 Early 2023"]
[Site "https://www.chess.com"]
[Date "2023.11.21"]
[Round "7"]
[White "Streltsov, Alexey"]
[Black "Kotepalli, Sai Nirupama"]
[Result "1-0"]
[Board "144"]
[TimeControl "180+1"]
[WhiteFideId "24104434"]
[BlackFideId "5039444"]
[WhiteElo "2311"]
[BlackElo "2390"]
[WhiteTeam "ISR"]
[BlackTeam "IND"]
[WhiteClock "0:02:18"]
[BlackClock "0:01:20"]

1. e4 c5 2. Nf3 Nc6 3. Nc3 e6 4. d4 cxd4 5. Nxd4 Nf6 6. Nxc6 bxc6 7. e5 Nd5 8. Ne4 f5 9. Nd6+ Bxd6 10. exd6 Qa5+ 11. Bd2 Qc5 12. c4 Nb6 13. Bc3 O-O 14. b4 1-0

[Event "November 21 Early 2023"]
[Site "https://www.chess.com"]
[Date "2023.11.21"]
[Round "7"]
[White "Rosner, Jonas"]
[Black "Buchenau, Frank"]
[Result "1-0"]
[Board "145"]
[TimeControl "180+1"]
[WhiteFideId "24608513"]
[BlackFideId "4604350"]
[WhiteElo "2394"]
[BlackElo "2157"]
[WhiteTeam "GER"]
[BlackTeam "GER"]
[WhiteClock "0:00:19"]
[BlackClock "0:00:02"]

1. e4 e6 2. d3 d5 3. Qe2 dxe4 4. dxe4 b6 5. Nf3 Ba6 6. c4 Bb4+ 7. Bd2 Bxd2+ 8. Nbxd2 Nc6 9. O-O-O e5 10. Nb3 Qe7 11. a3 Nf6 12. Qc2 O-O 13. Be2 Bc8 14. h3 Be6 15. Ng5 Rfd8 16. Nxe6 Qxe6 17. c5 Nd4 18. Nxd4 Rxd4 19. Rxd4 exd4 20. Bd3 Nd7 21. cxb6 axb6 22. Kb1 Nc5 23. Re1 Qg6 24. f4 Qg3 25. Bc4 Qxf4 26. Rf1 Qxe4 27. Rxf7 d3 28. Qc3 d2+ 29. Ka2 Qg6 30. Rxg7+ Kh8 31. Rxg6# 1-0

[Event "November 21 Early 2023"]
[Site "https://www.chess.com"]
[Date "2023.11.21"]
[Round "7"]
[White "Matveeva, Olga"]
[Black "Iskusnyh, Sergei"]
[Result "0-1"]
[Board "146"]
[TimeControl "180+1"]
[WhiteFideId "24107018"]
[BlackFideId "4120027"]
[WhiteElo "1883"]
[BlackElo "2455"]
[WhiteTeam "RUS"]
[BlackTeam "RUS"]
[WhiteClock "0:00:00"]
[BlackClock "0:00:12"]

1. d4 d5 2. c4 c6 3. Nf3 Nf6 4. Qb3 dxc4 5. Qxc4 Bf5 6. g3 e6 7. Bg2 Be7 8. O-O Nbd7 9. Nc3 O-O 10. Re1 h6 11. Qb3 Qb6 12. e4 Bg6 13. Nh4 Bh7 14. Be3 Ng4 15. Rad1 Nxe3 16. Rxe3 Bxh4 17. gxh4 Qxb3 18. axb3 Rfd8 19. d5 Ne5 20. f4 Ng6 21. dxe6 Rxd1+ 22. Nxd1 fxe6 23. f5 Nxh4 24. fxe6 Nxg2 25. Kxg2 Re8 26. Nf2 Rxe6 27. e5 Kf7 28. Kf3 Re7 29. Kf4 Ke6 30. Ne4 Rf7+ 31. Kg3 Bxe4 32. Rxe4 Rf5 33. Rg4 g5 34. Rb4 b5 35. Rd4 Rxe5 36. Rd8 Re3+ 37. Kg4 Rxb3 38. Rh8 Rxb2 39. Rxh6+ Ke5 40. Rxc6 a5 41. Rc5+ Kd4 42. Rxg5 Rg2+ 43. Kf4 Rxh2 44. Rxb5 Ra2 45. Rb8 a4 46. Ra8 Ra1 47. Kf3 Kd3 48. Kg2 a3 49. Ra7 Kc3 50. Rf7 Rd1 0-1

[Event "November 21 Early 2023"]
[Site "https://www.chess.com"]
[Date "2023.11.21"]
[Round "7"]
[White "Derjabin, Ilja"]
[Black "Gallegos Diaz, Carlos Alberto"]
[Result "1-0"]
[Board "147"]
[TimeControl "180+1"]
[WhiteFideId "14104768"]
[BlackFideId "3900886"]
[WhiteElo "2309"]
[BlackElo "2362"]
[WhiteTeam "UKR"]
[BlackTeam "VEN"]
[WhiteClock "0:00:51"]
[BlackClock "0:00:00"]

1. d4 d6 2. c4 Nf6 3. Nc3 e5 4. d5 Be7 5. e4 O-O 6. Nge2 Ne8 7. Ng3 g6 8. Be2 Ng7 9. O-O f5 10. exf5 gxf5 11. f4 Nd7 12. Kh1 Nf6 13. Be3 Bd7 14. Qc2 Qe8 15. Rae1 e4 16. Bd4 Qg6 17. Nd1 h5 18. Rg1 Ng4 19. h3 Bh4 20. hxg4 Bxg3 21. g5 h4 22. Ref1 Nh5 23. Be3 Rf7 24. Nf2 Bxf2 25. Rxf2 Ng3+ 26. Kh2 Rh7 27. Bd1 Rf8 28. Kh3 Rh5 29. b4 Rxg5 30. Kh2 1-0

[Event "November 21 Early 2023"]
[Site "https://www.chess.com"]
[Date "2023.11.21"]
[Round "7"]
[White "Mushini Ajay"]
[Black "Khater, Sherif"]
[Result "0-1"]
[Board "148"]
[TimeControl "180+1"]
[WhiteFideId "35066188"]
[BlackFideId "2034280"]
[WhiteElo "2162"]
[BlackElo "2529"]
[WhiteTeam "IND"]
[BlackTeam "USA"]
[WhiteClock "0:00:43"]
[BlackClock "0:00:17"]

1. e4 a6 2. d4 c6 3. Bd3 d5 4. e5 c5 5. dxc5 Nd7 6. e6 Nxc5 7. exf7+ Kxf7 8. Qh5+ g6 9. Bxg6+ hxg6 10. Qxh8 Bg7 11. Qh7 Bf5 12. Bh6 Nxh6 13. Nf3 e5 14. Nxe5+ Kf6 15. O-O Qc7 16. Nc3 Qxe5 17. Rad1 Rh8 18. Nxd5+ Kf7 19. Qxh8 Bxh8 20. Rfe1 Qxb2 21. Re7+ Kf8 22. Rde1 Nf7 23. Nc7 Bc3 24. Re8+ Kg7 25. Rf1 Qxc2 26. h3 Bd3 27. Ree1 Bxf1 28. Rxf1 Nd3 29. Ne6+ Kf6 30. Nf8 Bd4 31. Nd7+ Ke7 32. Nb6 Bxb6 33. h4 Bxf2+ 34. Kh2 Qe2 35. Kh3 Qxf1 36. Kg4 Kf6 37. Kf3 Bc5+ 0-1

[Event "November 21 Early 2023"]
[Site "https://www.chess.com"]
[Date "2023.11.21"]
[Round "7"]
[White "RodokininEV"]
[Black "Dmitrenko, Viktor"]
[Result "1-0"]
[Board "149"]
[TimeControl "180+1"]
[BlackFideId "14110270"]
[WhiteElo "2521"]
[BlackElo "2292"]
[BlackTeam "UKR"]
[WhiteClock "0:00:26"]
[BlackClock "0:00:01"]

1. d4 d5 2. c4 e6 3. Nc3 c5 4. cxd5 cxd4 5. Qa4+ Bd7 6. Qxd4 exd5 7. Qxd5 Nf6 8. Qd1 Bc5 9. e3 O-O 10. Nf3 Qe7 11. Be2 Rd8 12. Qc2 Nc6 13. a3 Rac8 14. O-O Bd6 15. Bd2 Ne5 16. Nd4 Nc6 17. Nxc6 Bxc6 18. Rad1 Ne4 19. Bc1 Nxc3 20. bxc3 Be4 21. Qa4 Rc6 22. Rd4 f5 23. Rxe4 fxe4 24. c4 Bxh2+ 25. Kxh2 Qh4+ 26. Kg1 Rh6 27. f4 exf3 28. Bxf3 Qh2+ 29. Kf2 Rf8 30. Ke1 Qg3+ 31. Rf2 Rh1+ 32. Ke2 Rd8 33. Bb2 Rb1 34. Qc2 Qd6 35. Bd5+ Kh8 36. Qxb1 Qc6 37. Bxc6 1-0

[Event "November 21 Early 2023"]
[Site "https://www.chess.com"]
[Date "2023.11.21"]
[Round "7"]
[White "vishwa_vijeta"]
[Black "Marin Pincheira, Carlos"]
[Result "1-0"]
[Board "150"]
[TimeControl "180+1"]
[BlackFideId "3407543"]
[WhiteElo "2508"]
[BlackElo "2080"]
[BlackTeam "CHI"]
[WhiteClock "0:01:47"]
[BlackClock "0:00:04"]

1. e4 c5 2. Nf3 d6 3. d4 cxd4 4. Nxd4 Nf6 5. Nc3 a6 6. Bg5 e6 7. f4 Be7 8. Qf3 h6 9. Bh4 g5 10. fxg5 Nfd7 11. Nxe6 fxe6 12. Qh5+ Kf8 13. Bb5 Rh7 14. e5 Nxe5 15. O-O+ Kg8 16. g6 Rg7 17. Bxe7 Qxe7 18. Ne4 Rxg6 19. Be8 Kg7 20. Bxg6 Nxg6 21. Rf6 Ne5 22. Qxh6+ Kg8 23. Qg5+ Qg7 24. Qh4 Nbd7 25. Raf1 Nxf6 26. Nxf6+ Kf8 27. Nh5+ Qf7 28. Qd8# 1-0

[Event "November 21 Early 2023"]
[Site "https://www.chess.com"]
[Date "2023.11.21"]
[Round "7"]
[White "danshev16"]
[Black "Umarov, Sabir"]
[Result "1-0"]
[Board "151"]
[TimeControl "180+1"]
[BlackFideId "14200538"]
[WhiteElo "2507"]
[BlackElo "2335"]
[BlackTeam "UZB"]
[WhiteClock "0:00:31"]
[BlackClock "0:00:00"]

1. d3 g6 2. c3 Bg7 3. Nd2 d5 4. h3 Nf6 5. g4 O-O 6. Bg2 c6 7. Nf1 e5 8. Ng3 Re8 9. g5 Nfd7 10. h4 Nf8 11. h5 Na6 12. Qa4 Nc5 13. Qh4 a5 14. Be3 Nce6 15. Nh3 d4 16. Bd2 dxc3 17. bxc3 Nc5 18. Ne4 Nxe4 19. Bxe4 Bxh3 20. Rxh3 Qe7 21. Rb1 Reb8 22. a4 Ra6 23. f4 exf4 24. hxg6 fxg6 25. Qxf4 Re8 26. Qh4 Qc5 27. Qf2 Qxf2+ 28. Kxf2 Nd7 29. Rxb7 Nc5 30. Rxg7+ Kxg7 31. Bf3 Nxa4 32. Be3 c5 33. Rh1 Rae6 34. Bd2 Nb6 35. Ra1 a4 36. c4 R6e7 37. Bc3+ Kg8 38. Ba5 Rb8 39. Bc3 Ra7 40. Be5 Rf8 41. Bd6 Rc8 42. Rb1 a3 43. Rxb6 a2 44. Bd5+ 1-0

[Event "November 21 Early 2023"]
[Site "https://www.chess.com"]
[Date "2023.11.21"]
[Round "7"]
[White "Mystery2007"]
[Black "Eggleston, Thomas A"]
[Result "1/2-1/2"]
[Board "152"]
[TimeControl "180+1"]
[BlackFideId "412139"]
[WhiteElo "2506"]
[BlackElo "2169"]
[BlackTeam "ENG"]
[WhiteClock "0:00:04"]
[BlackClock "0:00:05"]

1. Nf3 Nf6 2. b3 g6 3. Bb2 Bg7 4. g3 O-O 5. Bg2 d6 6. O-O e5 7. d3 c5 8. c4 Nc6 9. Nbd2 h6 10. Ba3 Be6 11. Bb2 Rb8 12. a3 a6 13. Qc2 b5 14. Rab1 Qc8 15. Rfc1 Bh3 16. Bh1 Nh5 17. Ne4 Rd8 18. e3 f5 19. Nc3 f4 20. exf4 exf4 21. Nd5 Bxb2 22. Qxb2 Qf5 23. d4 bxc4 24. Rxc4 Qxd5 25. Ne5 Qxc4 26. Nxc4 Nxd4 27. Bd5+ Kh7 28. b4 a5 29. Nxa5 Nf6 30. Bg2 Bf5 31. Re1 f3 32. Bf1 Rd7 33. Qc3 Ne4 34. Qc4 Nd2 35. Qd5 Nxf1 36. Rxf1 Bh3 37. Re1 Ne2+ 38. Rxe2 fxe2 39. Qd2 Re8 40. Qe1 d5 41. bxc5 d4 42. Nb3 d3 43. Nd2 Rb7 44. f3 Rb2 45. Kf2 Rxd2 46. Qxd2 e1=Q+ 47. Qxe1 Rxe1 48. Kxe1 Bd7 49. Kd2 Bb5 50. a4 Bxa4 51. Kxd3 Bc6 52. f4 Kg7 53. Kd4 Kf6 54. g4 h5 55. h3 h4 56. Ke3 Bg2 57. Kf2 Bd5 58. Ke3 Ke7 59. Kd4 Bc6 60. Ke5 Kd7 61. Kf6 Be4 62. Kg5 Kc6 63. Kxh4 Kxc5 64. Kg5 Kd6 65. h4 Ke7 66. Kh6 Kf6 67. h5 gxh5 68. Kxh5 Bg6+ 69. Kh4 Kg7 70. Kg5 Bf7 71. Kf5 Be8 72. Ke6 Bf7+ 73. Ke7 Bg6 74. f5 Bf7 75. g5 Bg8 76. f6+ Kg6 77. Kf8 Bf7 78. Ke7 Bd5 79. Kd6 Bf7 80. Ke7 Bg8 81. Ke8 Bd5 82. Ke7 Kxg5 83. f7 Bxf7 1/2-1/2

[Event "November 21 Early 2023"]
[Site "https://www.chess.com"]
[Date "2023.11.21"]
[Round "7"]
[White "Mikhailova, Irina"]
[Black "Kovalyov_Eduard"]
[Result "1/2-1/2"]
[Board "153"]
[TimeControl "180+1"]
[WhiteFideId "4109040"]
[WhiteElo "2009"]
[BlackElo "2503"]
[WhiteTeam "RUS"]
[WhiteClock "0:00:23"]
[BlackClock "0:00:07"]

1. d4 Nf6 2. Nf3 g6 3. c4 Bg7 4. Nc3 O-O 5. e4 d6 6. Be2 e5 7. dxe5 dxe5 8. Qxd8 Rxd8 9. Bg5 c6 10. Nxe5 Re8 11. O-O-O Na6 12. Rd6 Be6 13. f3 h6 14. Bh4 g5 15. Bg3 Nh5 16. Nd7 Nxg3 17. hxg3 Rad8 18. Rhd1 Kh8 19. c5 Nc7 20. Kc2 Re7 21. Ne5 Rde8 22. Nc4 Kg8 23. R6d2 Rb8 24. b4 Kh7 25. Bd3 Kg8 26. Be2 a6 27. a3 Nb5 28. Nxb5 axb5 29. Nb6 Rbe8 30. Rd8 f5 31. Rxe8+ Rxe8 32. Bd3 fxe4 33. Bxe4 Be5 34. g4 Kg7 35. Nd7 Bc7 36. Nb6 Re7 37. Rd3 Re8 38. Bf5 Bf7 39. Nc8 Rd8 40. Rxd8 Bxd8 41. Nd6 b6 42. Nxf7 Kxf7 43. cxb6 Bxb6 44. Bd3 Ke7 45. Kb3 Kd6 46. a4 bxa4+ 47. Kxa4 Bf2 48. Be4 Be1 49. Kb3 Bd2 50. Kc4 Be1 51. b5 cxb5+ 52. Kxb5 Ke5 53. Kc4 Kf4 54. Bg6 Ke3 55. Bh5 Kf2 56. Kd3 Kxg2 57. Ke4 Bd2 58. Bg6 Bf4 59. Bh5 Kg3 60. Bg6 Kg2 61. Bh5 Kg3 62. Bg6 Kg2 1/2-1/2

[Event "November 21 Early 2023"]
[Site "https://www.chess.com"]
[Date "2023.11.21"]
[Round "7"]
[White "Shapiro, Daniel"]
[Black "Rietze, Clemens, Dr."]
[Result "0-1"]
[Board "154"]
[TimeControl "180+1"]
[WhiteFideId "2001780"]
[BlackFideId "24620351"]
[WhiteElo "2332"]
[BlackElo "2288"]
[WhiteTeam "USA"]
[BlackTeam "GER"]
[WhiteClock "0:00:00"]
[BlackClock "0:01:04"]

1. d4 Nf6 2. c4 g6 3. Nc3 Bg7 4. e4 d6 5. Be2 O-O 6. Nf3 Na6 7. Be3 e5 8. d5 Ng4 9. Bg5 f6 10. Bh4 Nh6 11. Rb1 g5 12. Bg3 f5 13. exf5 Bxf5 14. Rc1 Nc5 15. b4 e4 16. Nd4 Nd3+ 17. Bxd3 exd3 18. Nxf5 Nxf5 19. O-O Qf6 20. Qxd3 a5 21. Nb5 Rf7 22. a3 axb4 23. axb4 h5 24. h3 g4 25. hxg4 hxg4 26. Rfe1 Bh6 27. Rb1 Qg5 28. Re6 Qh5 29. Rbe1 Rh7 30. Nd4 Nxd4 31. Qxd4 Bg7 0-1

[Event "November 21 Early 2023"]
[Site "https://www.chess.com"]
[Date "2023.11.21"]
[Round "7"]
[White "Kubicka, Anna"]
[Black "Maect19"]
[Result "1-0"]
[Board "155"]
[TimeControl "180+1"]
[WhiteFideId "1152254"]
[WhiteElo "2042"]
[BlackElo "2329"]
[WhiteTeam "POL"]
[WhiteClock "0:00:37"]
[BlackClock "0:00:31"]

1. e4 e5 2. Nf3 Nc6 3. Bb5 Nge7 4. O-O g6 5. d4 exd4 6. Nxd4 Bg7 7. Be3 O-O 8. Nc3 a6 9. Be2 d6 10. f4 f5 11. Bf3 fxe4 12. Bxe4 Nf5 13. Nxf5 Bxf5 14. Bxc6 bxc6 15. Bd4 Bxd4+ 16. Qxd4 c5 17. Qc4+ Kg7 18. Nd5 Be6 19. Rae1 Bxd5 20. Qxd5 Qf6 21. c3 Rab8 22. f5 g5 23. Re6 Qf7 24. f6+ Kh8 25. Qxg5 Rg8 26. Qf5 Rxb2 27. g3 Qg6 28. f7 Rf8 29. Rxg6 1-0

[Event "November 21 Early 2023"]
[Site "https://www.chess.com"]
[Date "2023.11.21"]
[Round "7"]
[White "Toktomushev, Teimur"]
[Black "Hoffmann, Asa"]
[Result "1-0"]
[Board "156"]
[TimeControl "180+1"]
[WhiteFideId "14176726"]
[BlackFideId "2001470"]
[WhiteElo "2198"]
[BlackElo "2117"]
[WhiteTeam "UKR"]
[BlackTeam "USA"]
[WhiteClock "0:00:03"]
[BlackClock "0:00:14"]

1. d4 Nf6 2. c4 c5 3. d5 e5 4. Nc3 d6 5. e4 Be7 6. Nf3 Nbd7 7. g3 O-O 8. Bg2 b5 9. cxb5 a6 10. b6 Qxb6 11. O-O a5 12. Re1 Ba6 13. Bf1 Rfb8 14. Bxa6 Qxa6 15. a4 c4 16. Nb5 Rc8 17. Nd2 Nc5 18. Qc2 Nd3 19. Rf1 Nb4 20. Qc3 Bd8 21. Kg2 Bb6 22. f3 Nd7 23. Nxc4 Bd4 24. Qb3 Nc5 25. Qd1 Nb7 26. Qe2 Nc5 27. Be3 Nb3 28. Rad1 Bxe3 29. Nxe3 Nc5 30. Rc1 Nxa4 31. Rxc8+ Rxc8 32. Rf2 Nxb2 33. Nf5 Nc4 34. Ne7+ Kf8 35. Nxc8 Qxc8 36. Qe1 Qc5 37. Nc3 Nd3 38. Qe2 Qxf2+ 39. Qxf2 Nxf2 40. Kxf2 Nb6 41. Ke2 Ke7 42. Kd3 g6 43. Kc2 f5 44. Kb3 Kf6 45. h4 h6 46. Na4 Nxa4 47. Kxa4 g5 48. hxg5+ Kxg5 49. Kxa5 f4 50. g4 h5 51. gxh5 Kxh5 52. Kb6 Kh4 53. Kc6 Kg3 54. Kxd6 Kxf3 55. Kxe5 Ke3 56. d6 f3 57. d7 f2 58. d8=Q f1=Q 59. Qb6+ Kd2 60. Qb2+ Ke3 61. Qc3+ Kf2 62. Qd2+ Kf3 63. Qf4+ Ke2 64. Qxf1+ 1-0

[Event "November 21 Early 2023"]
[Site "https://www.chess.com"]
[Date "2023.11.21"]
[Round "7"]
[White "rikchessmx"]
[Black "Ongut, Tamas Gunes"]
[Result "0-1"]
[Board "157"]
[TimeControl "180+1"]
[BlackFideId "770280"]
[WhiteElo "2327"]
[BlackElo "2148"]
[BlackTeam "HUN"]
[WhiteClock "0:00:00"]
[BlackClock "0:02:27"]

1. e4 c5 2. Nf3 Nc6 3. d4 cxd4 4. Nxd4 d5 5. Nxc6 bxc6 6. e5 e6 7. f4 Bc5 8. Qg4 g6 9. Qg3 Ne7 10. Be3 Nf5 11. Bxc5 Nxg3 12. hxg3 Ba6 13. Bxa6 Qa5+ 14. b4 Qxa6 15. Nd2 Qa3 16. Nb3 a5 17. bxa5 Qb2 18. O-O Qc3 19. Rf3 Qxc2 20. Bd4 c5 21. Rc3 Qe4 22. Rxc5 O-O 23. Rac1 Qd3 24. Kh2 h5 0-1